 Dungeon Crawl Stone Soup version 0.30.1-11-g7821555f0a (webtiles) character file.

Game seed: 14940339944324720418

1266 anacleto the Conjurer (level 8, -11/41 HPs)
             Began as a Deep Elf Conjurer on Dec 10, 2023.
             Was an Initiate of Dithmenos.
             Mangled by an ice beast (12 damage)
             ... on level 6 of the Dungeon.
             The game lasted 00:19:24 (6841 turns).

anacleto the Conjurer (Deep Elf Conjurer)           Turns: 6841, Time: 00:19:25

Health: -11/41     AC:  2    Str:  4    XL:     8   Next: 27%
Magic:  10/19      EV: 14    Int: 26    God:    Dithmenos [......]
Gold:   212        SH:  0    Dex: 13    Spells: 9/19 levels left

rFire   . . .        b - +0 shortbow
rCold   . . .        (shield currently unavailable)
rNeg    . . .        g - +0 robe
rPois   .            (no helmet)
rElec   .            (no cloak)
rCorr   .            (no gloves)
SInv    .            (no boots)
Will    .....        (no amulet)
Stlth   +++          (no ring)
HPRegen 0.26/turn    (no ring)
MPRegen 0.16/turn

%: no passive effects
@: no status effects
A: no striking features
a: Renounce Religion


You were on level 6 of the Dungeon.
You worshipped Dithmenos.
Dithmenos was noncommittal.
You visited 1 branch of the dungeon, and saw 6 of its levels.

You collected 212 gold pieces.

Inventory:

Hand Weapons
 b - a +0 shortbow (weapon)
 p - a +2 short sword of speed
Missiles
 s - 3 poisoned darts
Armour
 g - a +0 robe (worn)
Magical Staves
 a - a staff of poison
Jewellery
 l - a ring of protection from fire
Scrolls
 d - a scroll of silence
 f - a scroll of blinking
 i - 2 scrolls of immolation
 j - a scroll of butterflies {unknown}
 k - a scroll of teleportation
 o - a scroll of poison {unknown}
 t - a scroll of acquirement {unknown}
 u - a scroll of enchant armour {unknown}
 v - 2 scrolls of noise
Potions
 c - a potion of might {unknown}
 e - 2 potions of curing
 h - a potion of heal wounds {unknown}
 m - a potion of haste {unknown}
 n - a potion of attraction {unknown}
 q - a potion of brilliance {unknown}
Miscellaneous
 r - a condenser vane


   Skills:
 + Level 5.6 Dodging
 + Level 6.0 Stealth
 + Level 6.3 Spellcasting
 * Level 6.9 Conjurations
 * Level 5.7 Hexes


You had 9 spell levels left.
You knew the following spells:

 Your Spells              Type           Power      Damage    Failure   Level
a - Magic Dart            Conj           100%       1d8       1%          1
b - Searing Ray           Conj           88%        2d7       1%          2
c - Dazzling Flash        Conj/Hex       82%        N/A       1%          3
d - Fulminant Prism       Conj/Hex       20%        3d12      4%          4

Your spell library contained the following spells:

 Spells                   Type           Power      Damage    Failure   Level
 Sublimation of Blood     Necr           8%         N/A       10%         2
 Iskenderun's Mystic Bla  Conj/Tloc      26%        2d7       16%         4
 Irradiate                Conj/Tmut      13%        3d16      41%         5
 Petrify                  Tmut/Erth      8%         N/A       54%         4


Dungeon Overview and Level Annotations

Branches:
Dungeon (6/15)
 Temple: D:4-7

Altars:
Cheibriados
Dithmenos
Nemelex Xobeh
Okawaru
Sif Muna
Wu Jian
Xom

Shops:
D:2 *   D:3 *

Annotations:
D:3 3 runed translucent doors, anacleto's ghost, amateur TrGl


Message History

Confirm with . or Enter, or press ? or * to list all spells.
Aiming: Searing Ray (safe; 1% risk of failure)
Press: ? - help, Shift-Dir - straight line, f - ogre
Aim: an ogre, wielding a +0 giant club (91% to hit)
The searing ray hits the hound!
You kill the hound!
Dithmenos accepts your kill.
The searing ray hits the ogre.
The ogre is lightly wounded. (Press . to maintain the ray.)
The searing ray hits the ogre!
The ogre is severely wounded.
The searing ray hits the ogre!
You kill the ogre!
Dithmenos accepts your kill.
Your Stealth skill increases to level 6!
You start resting.
An ice beast is nearby!
An ice beast is nearby!
Casting: Searing Ray (safe; 1% risk of failure)
Confirm with . or Enter, or press ? or * to list all spells.
Aiming: Searing Ray (safe; 1% risk of failure)
Press: ? - help, Shift-Dir - straight line, f - ice beast
Aim: an ice beast (82% to hit)
The searing ray hits the ice beast!
The ice beast is moderately wounded. (Press . to maintain the ray.)
The searing ray hits the ice beast!
The ice beast is severely wounded.
The searing ray hits the ice beast.
The ice beast is severely wounded.
The ice beast misses you.
The searing ray misses the ice beast.
You finish channelling your searing ray.
The ice beast hits you. The ice beast freezes you!
* * * LOW HITPOINT WARNING * * *
The ice beast hits you.
* * * LOW HITPOINT WARNING * * *
The ice beast freezes you!
You die...

######## .......#
######.#######
#.......#############
######..............# ##
#..###########.#
.##########..# #.....# #.#
.............###.....###.#####
..............)Y@.......>....#
...........).###########.###.#
.............# #.#
.:...........# #.#
.............# . # #.########
........Y....###.#. #.........
................
D.#####.########
.##########.####§ .D..........
.# ......§##..........


You could see an ice beast.

Vanquished Creatures
  2 ogres
  A centaur (D:5)
  4 phantoms
  A howler monkey (D:6)
  2 hounds
  A gnoll bouda (D:4)
  6 orc priests
  2 jellies (D:4)
  An iguana (D:6)
  3 orc wizards
  4 gnolls (D:4)
  7 adders
  A shadow imp (D:5)
  2 white imps (D:5)
  2 ufetubi
  A worm (D:2)
  3 dart slugs
  20 orcs
  6 endoplasms
  3 giant cockroaches (D:3)
  8 goblins
  2 hobgoblins (D:1)
  2 jackals (D:4)
  6 quokkas
  5 ball pythons
  12 bats
  2 frilled lizards
  2 kobolds
  3 rats
114 creatures vanquished.

Notes
Turn   | Place    | Note
-------+----------+-------------------------------------------
     0 | D:1      | anacleto the Deep Elf Conjurer began the quest for the Orb.
     0 | D:1      | Reached XP level 1. HP: 10/10 MP: 6/6
   180 | D:1      | Reached XP level 2. HP: 15/15 MP: 1/8
   539 | D:1      | Learned a level 2 spell: Searing Ray
   790 | D:1      | Found a faded altar of an unknown god.
   919 | D:2      | Reached XP level 3. HP: 19/19 MP: 8/10
  1292 | D:2      | Learned a level 3 spell: Dazzling Flash
  1504 | D:2      | Found Nunabar's General Store.
  1530 | D:2      | Found a sparkling altar of Nemelex Xobeh.
  1791 | D:3      | Reached skill level 5 in Conjurations
  1791 | D:3      | Reached skill level 1 in Hexes
  1791 | D:3      | Reached XP level 4. HP: 22/24 MP: 3/12
  1900 | D:3      | Found Doudd's Assorted Antiques.
  2324 | D:3      | Found a snail-covered altar of Cheibriados.
  2420 | D:3      | Found a runed translucent gate.
  2421 | D:3      | Found a runed translucent gate.
  2422 | D:3      | Noticed anacleto's ghost (amateur TrGl)
  2422 | D:3      | Identified the +3 ring mail of Mestag {rElec rN+}
  2423 | D:3      | Found a runed translucent gate.
  2466 | D:3      | Found a shimmering altar of Xom.
  2762 | D:4      | Found a shimmering blue altar of Sif Muna.
  2826 | D:4      | Noticed a phantom
  2833 | D:4      | Killed a phantom
  2834 | D:4      | Reached XP level 5. HP: 28/28 MP: 6/13
  3066 | D:4      | Reached XP level 6. HP: 26/32 MP: 0/15
  3131 | D:4      | Learned a level 4 spell: Fulminant Prism
  3874 | D:4      | Reached skill level 5 in Spellcasting
  4230 | D:5      | Entered Level 5 of the Dungeon
  4512 | D:5      | Reached skill level 5 in Stealth
  4512 | D:5      | Reached XP level 7. HP: 36/36 MP: 7/16
  4623 | D:5      | HP: 1/36 [hound (4)]
  4852 | D:4      | Reached skill level 5 in Dodging
  5132 | D:5      | Found a shadowy altar of Dithmenos.
  5148 | D:5      | Became a worshipper of Dithmenos the Shadowed
  5915 | D:5      | Reached skill level 5 in Hexes
  5915 | D:5      | Reached XP level 8. HP: 11/41 MP: 10/19
  6359 | D:6      | Found an ornate altar of the Wu Jian Council.
  6487 | D:6      | Found an iron altar of Okawaru.
  6841 | D:6      | HP: 1/41 [ice beast (2)]
  6841 | D:6      | Mangled by an ice beast

Illustrated notes

Levels and vault maps discovered:
D:1:      minmay_arrival_shoal_huts, layout_rooms,
          hellmonk_ecumenical_altar_blasted, reono_crystal_passage,
          item_on_display_a
D:2:      layout_basic, basic_altar, serial_shops, shop
D:3:      layout_loops_ring, general_overflow_altar,
          mainiacjoe_overflow_cross_hatched, biasface_ghost_orc_armoury,
          serial_shops, shop, patterned_corridor
D:4:      layout_loops_cross, amcnicky_altar_gilded, nicolae_grassy_gnolls
D:5:      layout_cave_pools, nicolae_dithmenos_through_a_glass_darkly,
          chequers_serial_rivers_micro_b, dk_noncrumbling_2,
          minmay_misc_feat_more_columns
D:6:      layout_basic, mainiacjoe_overflow_concentric_impassable,
          nzn_wu_jian_contemplation, kennysheep_generic_room_6

Skill      XL: |  1  2  3  4  5  6  7  8 |
---------------+-------------------------+-----
Stealth        | 3 4 5 6 |  6.0
Dodging        | 3 4 5 |  5.6
Spellcasting   | 4 5 6 |  6.3
Conjurations   | 5 6 |  6.9
Hexes          | 1 2 3 5 |  5.7

Action                     |  1- 3 |  4- 6 |  7- 9 || total
---------------------------+-------+-------+-------++-------
  Melee: Staff             |       |     1 |       ||     1
         Short sword       |       |       |    24 ||    24
   Fire: Shortbow          |       |       |     6 ||     6
  Throw: Dart              |       |     3 |       ||     3
   Cast: Magic Dart        |    68 |   114 |    78 ||   260
         Searing Ray       |     4 |     9 |    17 ||    30
    Use: Potion            |       |     1 |       ||     1
         Scroll            |       |     4 |     4 ||     8
 Armour: Robe              |     6 |     2 |     8 ||    16
  Dodge: Dodged            |     8 |    11 |    59 ||    78
